 Dungeon Crawl Stone Soup version 0.19.5 (webtiles) character file.

474 catytiger the Sneak (level 6, -6/46 HPs)
             Began as a Draconian Assassin on Mar 31, 2017.
             Was a Follower of Hepliaklqana.
             Mangled by a scorpion (8 damage)
             ... on level 4 of the Dungeon.
             The game lasted 00:15:36 (3687 turns).

catytiger the Sneak (Draconian Assassin)            Turns: 3687, Time: 00:15:37

Health: -6/46      AC:  7    Str: 14 (15) XL:     6   Next: 84%
Magic:  6/6        EV: 12    Int: 11 (12) God:    Hepliaklqana [*.....]
Gold:   293        SH:  0    Dex: 12      Spells: 0 memorised, 5 levels left

rFire  . . .     SeeInvis .     r - +1 short sword (curse)
rCold  . . .     Gourm    .     (armour unavailable)
rNeg   . . .     Faith    .     (no shield)
rPois  .         Spirit   .     (helmet restricted)
rElec  .         Reflect  .     c - +0 cloak
rCorr  .         Harm     .     (no gloves)
MR     .....                    (no boots)
Stlth  +++.......               (no amulet)
                                (no ring)
                                (no ring)

@: no status effects
A: unfitting armour, reduced essence, cold-blooded, AC +6
a: Recall Ancestor, Ancestor Identity, Renounce Religion


You were on level 4 of the Dungeon.
You worshipped Hepliaklqana.
Hepliaklqana was aware of your devotion.
You were not hungry.

You visited 1 branch of the dungeon, and saw 4 of its levels.

You collected 293 gold pieces.

Inventory:

Hand Weapons
 a - a +2 dagger
 b - a +0 blowgun
 i - a +0 giant spiked club
 r - a cursed +1 short sword (weapon)
 t - a +0 long sword
Missiles
 d - 8 poisoned needles
 e - 2 curare-tipped needles
Armour
 c - a +0 cloak (worn)
 n - a +0 plate armour
 w - a +2 leather armour of cold resistance
Wands
 y - a wand of iceblast (12/15)
Scrolls
 k - a scroll of remove curse
 l - a scroll of identify
 p - 2 scrolls of magic mapping {unknown}
Potions
 m - a potion of resistance
Books
 x - a book of Maledictions

   Spells                             Type                      Level
   a - Corona                         Hexes                        1
   b - Ensorcelled Hibernation        Hexes/Ice                    2
   c - Confuse                        Hexes                        3
   d - Tukima's Dance                 Hexes                        3
   e - Dazzling Spray                 Conjuration/Hexes            3
Comestibles
 f - 3 bread rations
 g - 4 fruits
 j - 2 meat rations
 o - a beef jerky


   Skills:
 + Level 3.7 Fighting
 + Level 4.3 Short Blades
 + Level 1.9 Throwing
 + Level 2.3 Dodging
 + Level 5.8 Stealth


You had 5 spell levels left.
You didn't know any spells.

Dungeon Overview and Level Annotations

Branches:
Dungeon (4/15)
 Temple: D:4-7

Altars:
Dithmenos
Fedhas
Hepliaklqana
Makhleb
Okawaru
Ru
Sif Muna
Uskayaw


Innate Abilities, Weirdness & Mutations

Your plain brown scales are hard. (AC +6)
You cannot fit into any form of body armour.
You are cold-blooded and may be slowed by cold attacks.
Your life essence is reduced. (-10% HP)


Message History

The scorpion completely misses you.
You hit the scorpion but do no damage.
The scorpion is moderately wounded.
The scorpion closely misses you.
You hit the scorpion.
The scorpion is heavily wounded.
You hit the scorpion but do no damage.
The scorpion is heavily wounded.
The scorpion stings you but does no damage.
You hit the scorpion.
You tail-slap the scorpion, but do no damage.
The scorpion is severely wounded.
The scorpion barely misses you.
You closely miss the scorpion.
The scorpion is severely wounded.
The scorpion stings you but does no damage.
You hit the scorpion but do no damage.
The scorpion is severely wounded.
The scorpion stings you!
You die...

#......)...#...#.
....######.#.#
... ##.# #o#.#
#.# #.###
#o#.###.# .
....###..#.##.#
#.......###...#
#.#......#....#
#####.#..#.##
#@soo#..#.#
#.####..#.# #.#
#....#
.##.#####.#.#
....>.....#.####
................
.#######..#.####
....#####..#.# .
#....).......#


You could see a scorpion, an orc wizard and an orc.

Vanquished Creatures
  2 ogres
  A bullfrog (D:4)
  A centaur skeleton (D:4)
  An orc wizard (D:3)
  Jessica (D:3)
  Ijyb (D:3)
  2 adders
  2 oozes (D:2)
  4 worms
  4 leopard geckos
  An orc (D:4)
  A ball python (D:1)
  3 giant cockroaches
  2 goblins
  5 hobgoblins
  9 jackals (D:2)
  3 kobolds
  A quokka (D:2)
  10 bats
  2 frilled lizards
  A jackal skeleton (D:4)
  4 rats
61 creatures vanquished.

Vanquished Creatures (collateral kills)
  A crimson imp (D:3)
  An ooze (D:2)
  2 leopard geckos (D:4)
  A bat (D:2)
  A hobgoblin (D:3)
  4 kobolds
10 creatures vanquished.

Vanquished Creatures (others)
  3 ancestors
3 creatures vanquished.

Grand Total: 74 creatures vanquished

Notes
Turn   | Place    | Note
-------+----------+-------------------------------------------
     0 | D:1      | catytiger the Draconian Assassin began the quest for the Orb.
     0 | D:1      | Reached XP level 1. HP: 17/17 MP: 1/1
   207 | D:1      | Reached skill level 4 in Stealth
   211 | D:1      | Reached XP level 2. HP: 17/24 MP: 2/2
   926 | D:2      | Found a hazy altar of Hepliaklqana.
   947 | D:2      | Became a worshipper of Hepliaklqana the Forgotten
  1122 | D:2      | Reached XP level 3. HP: 27/27 MP: 3/3
  1252 | D:2      | Reached skill level 1 in Dodging
  1997 | D:2      | Reached XP level 4. HP: 32/33 MP: 4/4
  2003 | D:2      | Found a blossoming altar of Fedhas.
  2006 | D:2      | Found a burning altar of Makhleb.
  2032 | D:2      | Found a shadowy altar of Dithmenos.
  2032 | D:2      | Found a sacrificial altar of Ru.
  2034 | D:2      | Found an iron altar of Okawaru.
  2188 | D:3      | Reached * piety under Hepliaklqana
  2232 | D:3      | Noticed a hand axe
  2233 | D:3      | Noticed a hand axe
  2236 | D:3      | Found a hide-covered altar of Uskayaw.
  2506 | D:3      | Noticed Jessica
  2514 | D:3      | Killed Jessica
  2706 | D:3      | Noticed Ijyb
  2724 | D:3      | Killed Ijyb
  2724 | D:3      | Reached skill level 5 in Stealth
  2724 | D:3      | Reached XP level 5. HP: 13/40 MP: 5/5
  3035 | D:3      | Noticed an ogre
  3046 | D:3      | Killed an ogre
  3046 | D:3      | Reached XP level 6. HP: 10/45 MP: 6/6
  3493 | D:4      | Found a deep blue altar of Sif Muna.
  3680 | D:4      | HP: 1/46 [scorpion (6)]
  3687 | D:4      | Mangled by a scorpion

Skill      XL: |  1  2  3  4  5  6 |
---------------+-------------------+-----
Stealth        | 4 5 |  5.8
Dodging        | 1 2 |  2.3
Short Blades   | 3 4 |  4.3
Fighting       | 3 |  3.7
Throwing       | |  1.9

Action                   |  1- 3 |  4- 6 || total
-------------------------+-------+-------++-------
Melee: Dagger            |   109 |       ||   109
       Tailslap          |     6 |    18 ||    24
       Short sword       |       |   133 ||   133
  Use: Scroll            |     3 |     2 ||     5
       Potion            |       |     9 ||     9
 Stab: Sleeping          |     9 |     8 ||    17
       Distracted        |       |     2 ||     2
  Eat: Chunk             |     2 |       ||     2
       Bread ration      |     1 |     1 ||     2
Armor: Skin              |    48 |    40 ||    88
Dodge: Dodged            |    83 |    76 ||   159
